 Dungeon Crawl Stone Soup version 0.23-a0-473-gc8aadda (webtiles) character file.

6080 Peritonitus the Protected (level 10, -5/76 HPs)
             Began as a Demonspawn Assassin on Nov 27, 2018.
             Was a Follower of Uskayaw.
             Slain by a two-headed ogre
             ... wielding a +0 giant club
              (17 damage)
             ... on level 9 of the Dungeon.
             The game lasted 00:25:50 (11264 turns).

Peritonitus the Protected (Demonspawn Assassin)    Turns: 11264, Time: 00:25:51

Health: -5/76      AC: 17    Str: 14    XL:     10   Next: 58%
Magic:  0/15       EV:  9    Int: 14    God:    Uskayaw [*.....]
Gold:   447        SH:  0    Dex: 14    Spells: 7/9 levels left

rFire    . . .     SeeInvis .   K - +3 dagger (venom)
rCold    + . .     Gourm    .   (no shield)
rNeg     . . .     Faith    +   y - +0 scale mail {rPois}
rPois    +         Spirit   +   C - +0 helmet
rElec    .         Reflect  .   d - +0 cloak
rCorr    .         Harm     .   (no gloves)
MR       +....                  z - +2 pair of boots {Stlth+}
Stlth    +++.......             o - amulet of faith
HPRegen  0.22/turn              M - ring of wizardry
MPRegen  0.14/turn              E - ring of protection from magic

@: no status effects
A: claws 1, yellow scales 2, cold resistance 1, magic shield
a: Stomp, Renounce Religion


You were on level 9 of the Dungeon.
You worshipped Uskayaw.
Uskayaw was noncommittal.
You were hungry.

You visited 2 branches of the dungeon, and saw 10 of its levels.

You collected 447 gold pieces.

Inventory:

Hand Weapons
 a - a +1 dagger of draining
 b - a +0 blowgun
 u - a +2 dagger
 K - a +3 dagger of venom (weapon)
Missiles
 e - 43 poisoned needles
 f - 2 curare-tipped needles
 p - 252 stones (quivered)
Armour
 d - a +0 cloak (worn)
 y - a +0 scale mail of poison resistance (worn)
 z - a +2 pair of boots of stealth (worn)
 C - a +0 helmet (worn)
 D - a +0 pair of boots
Jewellery
 o - an amulet of faith (around neck)
 E - a ring of protection from magic (right claw)
 G - an uncursed ring of protection from cold
 J - a +3 ring of dexterity
 M - a ring of wizardry (left claw)
 O - an uncursed ring of see invisible
Wands
 h - a wand of clouds (5)
 H - a wand of flame (31)
 N - a wand of acid (6)
Scrolls
 c - 4 scrolls of identify
 i - 3 scrolls of remove curse
 l - a scroll of noise {unknown}
 m - 2 scrolls of teleportation
 n - 3 scrolls of immolation
 q - a scroll of fear {unknown}
 r - 2 scrolls of amnesia {unknown}
 s - a scroll of enchant weapon
 t - 5 scrolls of magic mapping
 v - a scroll of blinking {unknown}
 w - 2 scrolls of random uselessness {unknown}
 A - a scroll of enchant armour {unknown}
 I - a scroll of vulnerability {unknown}
Potions
 j - a potion of mutation {unknown}
 k - a potion of curing {unknown}
 x - 2 potions of cancellation
 F - a potion of ambrosia
 L - a potion of flight {unknown}
Comestibles
 g - 12 rations


   Skills:
 + Level 5.9 Fighting
 + Level 7.5 Short Blades
 + Level 2.1 Throwing
 * Level 9.0 Armour
 - Level 0.8 Dodging
 - Level 7.0 Stealth
 * Level 6.8 Invocations
 - Level 0.6 Evocations


You had 7 spell levels left.
You knew the following spells:

 Your Spells              Type           Power        Failure   Level  Hunger
a - Blink                 Tloc           N/A          47%         2    ###....

Your spell library contained the following spells:

 Spells                   Type           Power        Failure   Level  Hunger
 Magic Dart               Conj           #...         34%         1    ##.....
 Sandblast                Erth           #.....       34%         1    ##.....
 Call Imp                 Summ           #.......     47%         2    ###....
 Passwall                 Tmut/Erth      #.......     47%         2    ###....
 Slow                     Hex            #.......     47%         2    ###....
 Conjure Flame            Conj/Fire      #.......     71%         3    ####...
 Mephitic Cloud           Conj/Pois/Air  #.......     71%         3    ####...
 Stone Arrow              Conj/Erth      #.....       71%         3    ####...
 Petrify                  Tmut/Erth      #.......     97%         4    #####..
 Lee's Rapid Deconstruct  Erth           #.........   100%        5    ######.


Dungeon Overview and Level Annotations

Branches:
Dungeon (9/15)             Temple (1/1) D:6
   Lair: D:8-11         Orc: D:9-12

Altars:
Ashenzari
Dithmenos
Elyvilon
Hepliaklqana
Kikubaaqudgha
Nemelex Xobeh
Qazlal
Sif Muna
Uskayaw
Wu Jian
Xom
Yredelemnul
Zin
The Shining One

Shops:
D:8 :

Annotations:
D:7 exclusion: 2 downstairs


Innate Abilities, Weirdness & Mutations

You have sharp fingernails.
You are mostly covered in yellow scales. (AC +3)
Your flesh is cold resistant. (rC+)
When hurt, damage is shared between your health and your magic reserves.


Message History

The two-headed ogre looks as sick as possible!
The two-headed ogre is moderately wounded.
You hit the two-headed ogre.
The two-headed ogre looks as sick as possible!
The two-headed ogre is moderately wounded.
The two-headed ogre closely misses you.
The two-headed ogre hits you with a cursed +0 giant club.
You hit the two-headed ogre.
The two-headed ogre looks as sick as possible!
The two-headed ogre is severely wounded.
The two-headed ogre barely misses you.
The two-headed ogre hits you with a cursed +0 giant club!
* * * LOW HITPOINT WARNING * * *
You hit the two-headed ogre.
The two-headed ogre looks as sick as possible!
The two-headed ogre is severely wounded.
The two-headed ogre hits you with a +0 giant club.
* * * LOW HITPOINT WARNING * * *
The two-headed ogre hits you with a cursed +0 giant club!!
You die...

.#........####........#......##
#+##.....#...........#......#
#.....#############
#...............
##..............
#.............# #.............#
###...........# #..........@#
#...######O.# #...# #..# #...#
+..# #+####...+ #... .........#
#.... ............. ......
.......###### ####### .......#


You could see a two-headed ogre.

Vanquished Creatures
  Harold (D:8)
  A fire crab (shapeshifter) (D:8)
  A slime creature (D:7)
  Duvessa (D:6)
  3 orc warriors
  A black bear (D:7)
  2 sky beasts (D:5)
  3 ogres
  3 phantoms
  2 necrophages (D:7)
  2 centaurs
  A big kobold (D:7)
  5 bullfrogs
  Blork the orc (D:5)
  Dowan (D:6)
  3 scorpions
  15 killer bees
  3 howler monkeys
  5 crimson imps
  5 human zombies (D:7)
  A bullfrog zombie (D:7)
  4 jellies
  A quasit (D:6)
  2 bullfrog skeletons (D:6)
  8 hounds
  4 orc priests
  A human skeleton (D:7)
  6 iguanas
  4 orc wizards
  7 worker ants
  An ogre zombie (D:7)
  A worker ant zombie (D:5)
  Robin (D:4)
  3 mummies (D:7)
  12 adders
  A howler monkey skeleton (D:9)
  2 shadow imps
  2 oozes
  An adder zombie (D:7)
  4 worms
  2 dart slugs
  6 leopard geckos
  20 orcs
  13 bats
  8 giant cockroaches
  12 goblins
  6 hobgoblins
  12 jackals
  7 quokkas
  A frilled lizard (D:2)
  8 kobolds
  2 leopard gecko skeletons
  A quokka skeleton (D:4)
  2 quokka zombies (D:6)
  6 rats
231 creatures vanquished.

Notes
Turn   | Place    | Note
-------+----------+-------------------------------------------
     0 | D:1      | Peritonitus the Demonspawn Assassin began the quest for the
                  | Orb.
     0 | D:1      | Reached XP level 1. HP: 16/16 MP: 1/1
    64 | D:1      | Gained mutation: You are partially covered in yellow
                  | scales. (AC +2) [demonic ancestry]
    64 | D:1      | Reached XP level 2. HP: 16/22 MP: 2/2
   870 | D:1      | You fall through a shaft!
  1040 | D:2      | Reached XP level 3. HP: 26/27 MP: 3/3
  1792 | D:3      | Reached skill level 1 in Armour
  1807 | D:3      | Learned a level 2 spell: Blink
  1848 | D:3      | Found a glowing silver altar of Zin.
  1848 | D:3      | Noticed an angel
  1998 | D:3      | Noticed a centaur
  2013 | D:3      | Killed a centaur
  2013 | D:3      | Reached skill level 2 in Armour
  2013 | D:3      | Gained mutation: You have sharp fingernails. [demonic
                  | ancestry]
  2013 | D:3      | Reached XP level 4. HP: 10/33 MP: 4/4
  2021 | D:3      | Reached XP level 5. HP: 10/38 MP: 5/5
  3056 | D:4      | Noticed Robin
  3115 | D:4      | Killed Robin
  3649 | D:4      | Reached skill level 3 in Armour
  3848 | D:4      | Gained mutation: You are mostly covered in yellow scales.
                  | (AC +3) [demonic ancestry]
  3848 | D:4      | Reached XP level 6. HP: 32/46 MP: 6/6
  4173 | D:5      | Entered Level 5 of the Dungeon
  4173 | D:5      | Noticed Blork the orc
  4177 | D:5      | Killed Blork the orc
  4177 | D:5      | Reached skill level 4 in Armour
  4452 | D:5      | Gained mutation: Your flesh is cold resistant. (rC+)
                  | [demonic ancestry]
  4452 | D:5      | Reached XP level 7. HP: 51/51 MP: 7/7
  4465 | D:5      | Found a glowing golden altar of the Shining One.
  4479 | D:5      | Reached skill level 5 in Stealth
  4544 | D:5      | Reached skill level 5 in Armour
  5646 | D:5      | Found a stormy altar of Qazlal.
  5648 | D:5      | Found a hide-covered altar of Uskayaw.
  5649 | D:5      | Found a hazy altar of Hepliaklqana.
  5660 | D:5      | Became a worshipper of Uskayaw the Reveler
  5745 | D:6      | Noticed Duvessa
  5745 | D:6      | Noticed Dowan
  5768 | D:5      | Reached * piety under Uskayaw
  5774 | D:5      | Reached ** piety under Uskayaw
  5776 | D:5      | Reached XP level 8. HP: 40/58 MP: 8/8
  5878 | D:6      | Killed Duvessa
  5878 | D:6      | Reached skill level 1 in Invocations
  5882 | D:6      | Reached *** piety under Uskayaw
  5883 | D:6      | Reached **** piety under Uskayaw
  5884 | D:6      | Killed Dowan
  5884 | D:6      | Reached ***** piety under Uskayaw
  6149 | D:5      | Reached skill level 6 in Armour
  6233 | D:6      | Found a staircase to the Ecumenical Temple.
  6240 | D:6      | Reached skill level 5 in Short Blades
  6261 | Temple   | Entered the Ecumenical Temple
  6670 | D:6      | Found a sparkling altar of Nemelex Xobeh.
  7046 | D:6      | Found a white marble altar of Elyvilon.
  7289 | D:7      | Reached skill level 7 in Armour
  7290 | D:7      | Gained mutation: When hurt, damage is shared between your
                  | health and your magic reserves. [demonic ancestry]
  7290 | D:7      | Reached XP level 9. HP: 41/65 MP: 11/11
  7308 | D:7      | Reached ****** piety under Uskayaw
  7862 | D:7      | Reached skill level 5 in Invocations
  8263 | D:7      | Found an ancient bone altar of Kikubaaqudgha.
  8302 | D:7      | Found a deep blue altar of Sif Muna.
  8443 | D:7      | Reached skill level 5 in Fighting
  9353 | D:8      | Noticed Harold
  9489 | D:7      | Reached XP level 10. HP: 59/74 MP: 11/14
  9677 | D:7      | HP: 3/74 [black bear (3)]
  9682 | D:7      | HP: 3/74 [poisoned by a scorpion]
 10136 | D:8      | Killed Harold
 10136 | D:8      | Reached skill level 8 in Armour
 10363 | D:8      | Noticed a fire crab
 10376 | D:8      | Killed a fire crab
 10890 | D:8      | Found Jimit's Book Emporium.
 11065 | D:8      | Found a basalt altar of Yredelemnul.
 11115 | D:9      | Found an ornate altar of the Wu Jian Council.
 11186 | D:9      | Found a shattered altar of Ashenzari.
 11209 | D:9      | Reached skill level 9 in Armour
 11240 | D:9      | Noticed a two-headed ogre
 11264 | D:9      | Slain by a two-headed ogre

Vault maps used:
D:1:      wander_arrival_estate, hex_tiny
D:2:      nicolae_overflow_hidden_temple, first_ration
D:3:      zin_angel, minmay_misc_feat_encased
D:4:      kennysheep_spiral_hall, uniq_robin
D:5:      chequers_temple_overflow_statue_of_worship, tso_altar,
          uniq_blork_the_orc
D:6:      nemelex_xobeh_ov_fountains_minmay, kennysheep_mini,
          minmay_temple_entry_arrows, uniq_duvessa
D:7:      kennysheep_big_flooded_room, lemuel_doored_altar,
          lemuel_mausoleum_altar_kikubaaqudgha
D:8:      basic_altar, serial_shops, shop, uniq_harold
D:9:      old_standard_altar, tgw_fedhas, marbit_many_paths
Temple:   chequers_temple_sunken

Skill      XL: |  1  2  3  4  5  6  7  8  9 10 |
---------------+-------------------------------+-----
Stealth        | 4 5 7 |  7.0
Short Blades   | 2 3 4 5 7 |  7.5
Armour         | 2 3 4 5 7 9 |  9.0
Throwing       | 2 |  2.1
Fighting       | 3 4 5 |  5.9
Invocations    | 3 5 6 |  6.8
Dodging        | |  0.8
Evocations     | |  0.6

Action                   |  1- 3 |  4- 6 |  7- 9 | 10-12 || total
-------------------------+-------+-------+-------+-------++-------
Melee: Dagger            |   149 |   220 |   933 |   195 ||  1497
 Fire: Blowgun           |     1 |       |       |       ||     1
Throw: Stone             |    18 |       |     7 |       ||    25
Evoke: Wand              |       |       |     7 |       ||     7
  Use: Scroll            |       |       |     8 |     3 ||    11
       Potion            |       |       |       |     4 ||     4
 Stab: Distracted        |     1 |       |       |       ||     1
       Sleeping          |     5 |     4 |    14 |     6 ||    29
       Paralysed         |       |       |    32 |     2 ||    34
       Held in net/web   |       |       |       |     1 ||     1
  Eat: Chunk             |     3 |     8 |    14 |     5 ||    30
       Ration            |       |       |     1 |       ||     1
Armor: Robe              |     1 |       |       |       ||     1
       Ring mail         |    79 |   103 |   353 |       ||   535
       Scale mail        |       |       |    95 |   197 ||   292
Dodge: Dodged            |    77 |   141 |   408 |   120 ||   746

Table legend:
 A = Non-vault XP
 B = Vault XP
 C = Vault XP percentage of total XP
 D = Non-vault monster count
 E = Vault monster count
 F = Vault count percentage of total count
                 A         B        C        D         E       F
            +---------+---------+-------+---------+---------+-------
      Total |    6286 |    2401 |  27.6 |     198 |      33 |  14.3
            +---------+---------+-------+---------+---------+-------
        D:1 |      23 |       0 |   0.0 |      10 |       0 |   0.0
        D:2 |      47 |       0 |   0.0 |      23 |       0 |   0.0
        D:3 |     185 |       0 |   0.0 |      24 |       0 |   0.0
        D:4 |      99 |     200 |  66.9 |      11 |      14 |  56.0
        D:5 |     914 |      94 |   9.3 |      27 |       1 |   3.6
        D:6 |     794 |     218 |  21.5 |      23 |       2 |   8.0
        D:7 |    2544 |     883 |  25.8 |      55 |      14 |  20.3
        D:8 |    1358 |     992 |  42.2 |      21 |       1 |   4.5
        D:9 |     322 |      14 |   4.2 |       4 |       1 |  20.0
            +---------+---------+-------+---------+---------+-------
